 Dungeon Crawl Stone Soup version 0.25-a0-610-gd0df705f03 (webtiles) character file.

Game seed: 11618214971846830768, levelgen mode: deterministic

3721 mopl the Tainter (level 10, -1/63 HPs)
             Began as a Merfolk Venom Mage on Mar 16, 2020.
             Was a Follower of Yredelemnul.
             Slain by a wyvern zombie (15 damage)
             ... on level 8 of the Dungeon.
             The game lasted 00:24:07 (8350 turns).

mopl the Tainter (Merfolk Venom Mage)               Turns: 8350, Time: 00:24:07

Health: -1/63      AC:  9    Str: 14    XL:     10   Next: 14%
Magic:  17/17      EV: 13    Int: 14    God:    Yredelemnul [*.....]
Gold:   304        SH:  6    Dex: 20    Spells: 6/19 levels left

rFire    . . .     SeeInvis .   a - +8 rapier of Fiacw {drain, Str+2 Dex+5}
rCold    . . .     Gourm    .   B - +0 buckler
rNeg     . . .     Faith    .   D - +2 robe {MR+}
rPois    .         Spirit   .   h - +0 helmet
rElec    .         Reflect  .   t - +0 cloak
rCorr    .         Harm     .   q - +2 pair of gloves
MR       +....                  (no boots)
Stlth    ++........             y - amulet of magic regeneration
HPRegen  0.20/turn              (no ring)
MPRegen  0.40/turn              (no ring)

@: no status effects
A: change form in water, swift swim, stealthy swim
a: Animate Remains, Renounce Religion


You were on level 8 of the Dungeon.
You worshipped Yredelemnul.
Yredelemnul was aware of your devotion.
You were not hungry.

You visited 2 branches of the dungeon, and saw 9 of its levels.
You also visited: Sewer.

You collected 362 gold pieces.
You spent 58 gold pieces at shops.

Inventory:

Hand Weapons
 a - the +8 rapier of Fiacw (weapon) {drain, Str+2 Dex+5}
   (You took it off an orc on level 4 of the Dungeon)

   A truly terrible weapon, it drains the life of those it strikes.
   It affects your strength (+2).
   It affects your dexterity (+5).
 p - a +1 dagger of venom
 w - a +1 short sword of speed
 A - a +0 spear
 O - the +1 spear of Cheibriados's Pride {vorpal, +Inv Dex+3}
   (You found it on level 7 of the Dungeon)

   It inflicts extra damage upon your enemies.
   It affects your dexterity (+3).
   It lets you turn invisible.
Missiles
 g - 14 poisoned darts
 x - 18 boomerangs (quivered)
 X - a throwing net
Armour
 b - a +3 leather armour of cold resistance
 h - a +0 helmet (worn)
 q - a +2 pair of gloves (worn)
 s - a +1 leather armour of magic resistance
 t - a +0 cloak (worn)
 B - a +0 buckler (worn)
 D - a +2 robe of magic resistance (worn)
 N - +0 steam dragon scales
 V - a +0 robe of magic resistance
Jewellery
 v - an uncursed amulet of faith {!P}
 y - an amulet of magic regeneration (around neck)
 z - an uncursed amulet of rage
Wands
 f - a wand of random effects (6)
 G - a wand of polymorph (4)
 T - a wand of enslavement (9)
Scrolls
 d - 2 scrolls of random uselessness {unknown}
 n - 2 scrolls of immolation {unknown}
 o - 3 scrolls of teleportation {unknown}
 r - 2 scrolls of identify {unknown}
 F - a scroll of silence {unknown}
 H - 5 scrolls of fear
 I - a scroll of remove curse {unknown}
 J - a scroll of blinking {unknown}
 L - a scroll of amnesia {unknown}
 M - 3 scrolls of noise {unknown}
 S - a scroll of vulnerability {unknown}
 W - a scroll of enchant armour {unknown}
Potions
 e - 8 potions of curing {unknown}
 i - 3 potions of degeneration {unknown}
 j - a potion of stabbing {unknown}
 k - 2 potions of berserk rage {unknown}
 l - a potion of cancellation {unknown}
 m - 4 potions of might {unknown}
 u - a potion of resistance {unknown}
 C - 2 potions of mutation {unknown}
 E - a potion of flight {unknown}
 K - 2 potions of invisibility {unknown}
 P - 4 potions of heal wounds {unknown}
 Q - a potion of magic {unknown}
 R - a potion of haste {unknown}
Comestibles
 c - 15 rations


   Skills:
 - Level 3.5 Polearms
 - Level 2.6 Dodging
 - Level 2.1 Stealth
 - Level 4.5 Shields
 - Level 5.2 Spellcasting
 - Level 2.0 Conjurations
 + Level 7.4 Transmutations
 - Level 3.2 Fire Magic
 - Level 2.0 Air Magic
 * Level 9.3 Poison Magic
 + Level 3.7 Invocations


You had 6 spell levels left.
You knew the following spells:

 Your Spells              Type           Power        Failure   Level  Hunger
a - Sting                 Tmut/Pois      ####         1%          1    None
b - Poisonous Vapours     Pois/Air       ###...       2%          2    ##.....
d - Mephitic Cloud        Conj/Pois/Air  ###.....     9%          3    ###....
g - Ignite Poison         Fire/Tmut/Pois ###.....     3%          3    ###....
o - Olgreb's Toxic Radia  Pois           ####....     3%          4    ####...

Your spell library contained the following spells:

 Spells                   Type           Power        Failure   Level  Hunger
 Animate Skeleton         Necr           N/A          17%         1    None
 Apportation              Tloc           #.....       17%         1    None
 Corona                   Hex            #......      17%         1    None
 Summon Small Mammal      Summ           #...         17%         1    None


Dungeon Overview and Level Annotations

Branches:
Dungeon (8/15)             Temple (1/1) D:6           Sewer (visited)
   Lair: D:8-11

Altars:
Ashenzari
Cheibriados
Dithmenos
Elyvilon
Fedhas
Hepliaklqana
Kikubaaqudgha
Makhleb
Nemelex Xobeh
Okawaru
Ru
Sif Muna
Trog
Uskayaw
Vehumet
Wu Jian
Xom
Yredelemnul
Zin
The Shining One

Shops:
D:4 =


Message History

The wyvern zombie bites you! You block the wyvern zombie's attack.
You hit the wyvern zombie.
The wyvern zombie is almost destroyed.
The wyvern zombie closely misses you. The wyvern zombie bites you. x2
You barely miss the wyvern zombie.
The wyvern zombie is almost destroyed.
The wyvern zombie bites you! The wyvern zombie closely misses you.
You block the wyvern zombie's attack.
You are too injured to fight recklessly!
You are too injured to fight recklessly!
You hit the wyvern zombie.
The wyvern zombie is almost destroyed.
The wyvern zombie bites you!
* * * LOW HITPOINT WARNING * * *
You block the wyvern zombie's attack.
The wyvern zombie bites you but does no damage.
The wyvern zombie bites you but does no damage.
The wyvern zombie bites you!
You die...
Your body rises from the dead as a mindless zombie.

..
....#############
...(...@Z........
.......Z.........
.................
.................
.................
.................
.................
.##############..
..


You could see 2 wyvern zombies.

Vanquished Creatures
  Harold (D:7)
  Pikel (D:7)
  Maggie (D:6)
  A hungry ghost (D:7)
  Duvessa (D:6)
  A sky beast (D:6)
  A hornet zombie (D:5)
  An ice beast (D:6)
  4 slaves (D:7)
  A centaur (D:5)
  4 ogres
  Blork the orc (D:4)
  2 bullfrogs (D:7)
  A scorpion (D:6)
  Dowan (D:6)
  4 wights (D:7)
  3 crimson imps
  2 hounds
  2 jellies
  Crazy Yiuf (D:3)
  A centaur skeleton (D:4)
  3 orc priests
  3 orc wizards
  2 bullfrog skeletons (D:6)
  An iguana (D:4)
  5 worker ants
  A hound skeleton (D:7)
  A worker ant zombie (D:7)
  A howler monkey skeleton (D:4)
  11 adders
  A shadow imp (D:5)
  An adder skeleton (D:3)
  A worm (D:2)
  3 dart slugs
  7 leopard geckos
  19 orcs
  9 ball pythons
  9 giant cockroaches
  6 goblins
  9 hobgoblins
  6 jackals
  24 kobolds
  3 quokkas
  7 bats
  7 frilled lizards
  2 leopard gecko skeletons (D:4)
  3 rats
  4 plants (Sewer)
184 creatures vanquished.

Notes
Turn   | Place    | Note
-------+----------+-------------------------------------------
     0 | D:1      | mopl the Merfolk Venom Mage began the quest for the Orb.
     0 | D:1      | Reached XP level 1. HP: 13/13 MP: 3/3
   122 | D:1      | Reached XP level 2. HP: 9/19 MP: 0/5
   408 | D:1      | Reached skill level 2 in Transmutations
   496 | D:1      | Learned a level 2 spell: Poisonous Vapours
   501 | D:1      | Reached XP level 3. HP: 16/24 MP: 0/6
   796 | D:1      | Learned a level 3 spell: Ignite Poison
   812 | D:1      | Reached skill level 1 in Polearms
   866 | D:1      | Reached skill level 4 in Poison Magic
  1788 | D:2      | Reached XP level 4. HP: 22/30 MP: 4/7
  2227 | D:3      | Reached skill level 2 in Polearms
  2283 | D:3      | Found a radiant altar of Vehumet.
  2283 | D:3      | Found a hide-covered altar of Uskayaw.
  2283 | D:3      | Found a glowing golden altar of the Shining One.
  2343 | D:3      | Reached XP level 5. HP: 35/35 MP: 2/8
  2354 | D:3      | Reached skill level 1 in Air Magic
  2639 | D:3      | Reached skill level 3 in Transmutations
  3019 | D:3      | Found a runed translucent door.
  3020 | D:3      | Noticed Crazy Yiuf
  3100 | D:3      | Learned a level 3 spell: Mephitic Cloud
  3144 | D:3      | Reached skill level 3 in Spellcasting
  3144 | D:3      | Reached skill level 1 in Fire Magic
  3144 | D:3      | Reached XP level 6. HP: 19/41 MP: 10/10
  3386 | D:3      | Killed Crazy Yiuf
  3515 | D:4      | Found a shimmering blue altar of Sif Muna.
  3516 | D:4      | Found a snail-covered altar of Cheibriados.
  3531 | D:4      | Reached skill level 5 in Poison Magic
  4059 | D:4      | Found an iron altar of Okawaru.
  4081 | D:4      | Reached skill level 3 in Polearms
  4112 | D:4      | Identified the +8 rapier of Fiacw {drain, Str+2 Dex+5}
  4273 | D:4      | Reached XP level 7. HP: 43/46 MP: 10/12
  4316 | D:4      | Noticed Blork the orc
  4323 | D:4      | Killed Blork the orc
  4323 | D:4      | Reached skill level 1 in Conjurations
  4410 | D:4      | Found Ladur's Jewellery Shoppe.
  4417 | D:4      | Bought a cursed ring of teleportation for 58 gold pieces
  4491 | D:5      | Entered Level 5 of the Dungeon
  4528 | D:5      | Reached skill level 4 in Transmutations
  4928 | D:5      | Reached skill level 1 in Shields
  5066 | D:5      | Reached skill level 4 in Spellcasting
  5066 | D:5      | Reached skill level 2 in Air Magic
  5066 | D:5      | Reached XP level 8. HP: 43/52 MP: 12/14
  5509 | D:5      | Reached skill level 2 in Fire Magic
  5509 | D:5      | Reached skill level 6 in Poison Magic
  5713 | D:6      | Reached skill level 2 in Conjurations
  5716 | D:6      | Reached skill level 2 in Shields
  5813 | D:6      | Reached skill level 5 in Transmutations
  5861 | D:6      | Found an iron altar of Okawaru.
  5939 | D:6      | Noticed Maggie
  5955 | D:6      | Killed Maggie
  5955 | D:6      | Reached skill level 5 in Spellcasting
  5955 | D:6      | Reached skill level 7 in Poison Magic
  5955 | D:6      | Reached XP level 9. HP: 44/57 MP: 10/16
  5962 | D:6      | Found a glowing drain.
  5976 | Sewer    | Entered a sewer
  6498 | D:6      | Found a staircase to the Ecumenical Temple.
  6509 | Temple   | Entered the Ecumenical Temple
  6633 | Temple   | Became a worshipper of Yredelemnul the Dark
  7124 | D:6      | Noticed Duvessa
  7124 | D:6      | Noticed Dowan
  7132 | D:6      | Learned a level 4 spell: Olgreb's Toxic Radiance
  7136 | D:6      | Killed Dowan
  7138 | D:6      | Killed Duvessa
  7138 | D:6      | Reached skill level 3 in Shields
  7498 | D:7      | Noticed Pikel
  7511 | D:7      | Killed Pikel
  7511 | D:7      | Reached skill level 6 in Transmutations
  7511 | D:7      | Reached skill level 3 in Fire Magic
  7511 | D:7      | Reached skill level 8 in Poison Magic
  7511 | D:7      | Reached skill level 1 in Invocations
  7531 | D:7      | Got a faintly glowing spear
  7532 | D:7      | Identified the +1 spear of Cheibriados's Pride {vorpal,
                  | +Inv Dex+3} (You found it on level 7 of the Dungeon)
  7552 | D:7      | Reached skill level 2 in Invocations
  7741 | D:7      | Found an ornate altar of the Wu Jian Council.
  8047 | D:7      | Noticed Harold
  8065 | D:7      | Killed Harold
  8065 | D:7      | Reached skill level 4 in Shields
  8065 | D:7      | Reached skill level 7 in Transmutations
  8065 | D:7      | Reached skill level 9 in Poison Magic
  8065 | D:7      | Reached skill level 3 in Invocations
  8065 | D:7      | Reached XP level 10. HP: 45/63 MP: 6/17
  8079 | D:7      | Reached * piety under Yredelemnul
  8350 | D:8      | Slain by a wyvern zombie

Levels and vault maps discovered:
D:1:      ncdulo_wetmaze, layout_loops_ring, serial_forest,
          infiniplex_forest_clump_diagonal, infiniplex_forest_lined_room_2,
          infiniplex_forest_lined_3, infiniplex_forest_lined_room_3,
          infiniplex_forest_lined_4_way, infiniplex_forest_clump_cross,
          st_stairs_12, minmay_tromino_v7
D:2:      kb_forest_paths, layout_basic
D:3:      minmay_evil_eye, layout_basic,
          chequers_temple_overflow_statue_of_worship, minmay_ruptured,
          uniq_crazy_yiuf_cottage
D:4:      layout_loops_ring, grunt_temple_overflow_open, serial_shops, shop,
          okawaru_gym_becter, uniq_blork_the_orc
D:5:      layout_basic, first_ration
D:6:      layout_basic, overflow_temple_1_default, minmay_temple_entry_mist,
          cheibrodos_sewer_entry_sluice, uniq_duvessa, uniq_maggie
D:7:      layout_gridville, lemuel_round_altar, uniq_pikel, uniq_harold
D:8:      layout_gridville, grunt_gozag_breadcrumbs, lemuel_crystal_altar,
          dpeg_lair_monsters
Temple:   nicolae_temple_figure_eight

Skill      XL: |  1  2  3  4  5  6  7  8  9 |
---------------+----------------------------+-----
Transmutations | 2 3 4 5 7 |  7.4
Polearms       | 1 2 3 |  3.5
Poison Magic   | 4 5 7 9 |  9.3
Air Magic      | 1 2 |  2.0
Spellcasting   | 3 4 5 |  5.2
Fire Magic     | 1 2 3 |  3.2
Conjurations   | 1 2 |  2.0
Shields        | 1 2 4 |  4.5
Invocations    | 3 |  3.7
Dodging        | |  2.6
Stealth        | |  2.1

Action                   |  1- 3 |  4- 6 |  7- 9 | 10-12 || total
-------------------------+-------+-------+-------+-------++-------
Melee: Unarmed           |     2 |       |       |       ||     2
       Dagger            |    11 |    87 |       |       ||    98
       Spear             |    60 |    47 |    16 |       ||   123
       Rapier            |       |     4 |   246 |    24 ||   274
       Tailslap          |       |       |     6 |       ||     6
 Cast: Sting             |    25 |     8 |     8 |       ||    41
       Poisonous Vapours |    16 |    25 |    11 |       ||    52
       Mephitic Cloud    |       |       |    12 |       ||    12
       Ignite Poison     |       |       |     7 |       ||     7
       Olgreb's Toxic Ra |       |       |     5 |     1 ||     6
  Use: Scroll            |       |       |     1 |       ||     1
 Stab: Sleeping          |     1 |     2 |     2 |       ||     5
       Confused          |       |       |     5 |       ||     5
  Eat: Chunk             |     3 |     8 |    11 |     2 ||    24
       Ration            |       |     1 |     1 |       ||     2
Armor: Robe              |    11 |    21 |    49 |    10 ||    91
Dodge: Dodged            |    55 |    86 |   128 |    21 ||   290
Block: Buckler           |       |       |    51 |    13 ||    64

Table legend:
 A = Non-vault XP
 B = Vault XP
 C = Vault XP percentage of total XP
 D = Non-vault monster count
 E = Vault monster count
 F = Vault count percentage of total count
                 A         B        C        D         E       F
            +---------+---------+-------+---------+---------+-------
      Total |    2804 |    2513 |  47.3 |     127 |      49 |  27.8
            +---------+---------+-------+---------+---------+-------
        D:1 |      43 |       8 |  15.7 |      25 |       5 |  16.7
        D:2 |      22 |      14 |  38.9 |      12 |       6 |  33.3
        D:3 |     183 |     108 |  37.1 |      23 |       9 |  28.1
        D:4 |     380 |     100 |  20.8 |      20 |       1 |   4.8
        D:5 |     554 |       0 |   0.0 |      13 |       0 |   0.0
        D:6 |     805 |     552 |  40.7 |      15 |       6 |  28.6
        D:7 |     804 |    1666 |  67.4 |      18 |       2 |  10.0
        D:8 |      13 |       0 |   0.0 |       1 |       0 |   0.0
      Sewer |       0 |      65 | 100.0 |       0 |      20 | 100.0
            +---------+---------+-------+---------+---------+-------
